 Dungeon Crawl Stone Soup version 0.29.1-13-g9f3cf754e1 (webtiles) character file.

Game seed: 12902098556438479160

180 hbarley the Chopper (level 5, -5/47 HPs)
             Began as a Hill Orc Fighter on Feb 1, 2023.
             Slain by an iron imp (8 damage)
             ... summoned by Natasha
             ... on level 3 of the Dungeon.
             The game lasted 00:07:16 (2414 turns).

hbarley the Chopper (Hill Orc Fighter)              Turns: 2414, Time: 00:07:17

Health: -5/47      AC: 12    Str: 19    XL:     5   Next: 60%
Magic:  5/5        EV:  5    Int:  8    God:
Gold:   156        SH:  0    Dex: 12    Spells: 4/4 levels left

rFire   . . .      SeeInvis .   a - +0 war axe
rCold   . . .      Faith    .   c - +0 buckler
rNeg    . . .      Spirit   .   o - +0 plate armour
rPois   .          Reflect  .   t - +0 helmet
rElec   .          Harm     .   (no cloak)
rCorr   .          Rampage  .   (no gloves)
Will    .....                   (no boots)
Stlth   ..........              (no amulet)
HPRegen 0.15/turn               (no ring)
MPRegen 0.09/turn               (no ring)

@: confused
A: no striking features
a: no special abilities


You were on level 3 of the Dungeon.
You visited 1 branch of the dungeon, and saw 3 of its levels.

You collected 156 gold pieces.

Inventory:

Hand Weapons
 a - a +0 war axe (weapon)
Missiles
 q - 12 poisoned darts (quivered)
Armour
 b - a +0 scale mail
 c - a +0 buckler (worn)
 o - a +0 plate armour (worn)
 t - a +0 helmet (worn)
Scrolls
 e - a scroll of butterflies {unknown}
 f - 4 scrolls of identify {unknown}
 j - a scroll of brand weapon {unknown}
 k - 2 scrolls of amnesia {unknown}
 l - a scroll of noise {unknown}
 n - a scroll of enchant weapon {unknown}
 p - 2 scrolls of enchant armour {unknown}
 u - a scroll of poison {unknown}
Potions
 d - 2 potions of might
 g - a potion of heal wounds {unknown}
 h - a potion of degeneration {unknown}
 i - a potion of mutation {unknown}
 m - 2 potions of berserk rage {unknown}
 r - a potion of ambrosia {unknown}
 s - a potion of attraction {unknown}


   Skills:
 + Level 4.8 Fighting
 + Level 5.0 Axes
 + Level 3.9 Armour
 + Level 1.0 Dodging
 + Level 3.9 Shields


You had 4 spell levels left.
You didn't know any spells.
Your spell library contained the following spells:

 Spells                   Type           Power      Damage    Failure   Level
 Stone Arrow              Conj/Erth      0%         3d7       100%        3
 Animate Armour           Summ/Erth      0%         N/A       100%        4
 Lehudib's Crystal Spear  Conj/Erth      0%         10d2      100%        8


Dungeon Overview and Level Annotations

Branches:
Dungeon (3/15)

Altars:

Shops:
D:2 !

Annotations:
D:3 Natasha


Message History

* * * LOW HITPOINT WARNING * * *
Natasha barely misses you. The shadow imp barely misses you.
The iron imp grins evilly.
The iron imp hits you but does no damage.
You hit Natasha but do no damage.
Natasha is almost dead.
You hit the iron imp. You hit the shadow imp. You hit the orc wizard.
The orc wizard gestures at you while chanting.
The puff of flame hits you.
* * * LOW HITPOINT WARNING * * *
Natasha claws you but does no damage.
The shadow imp hits you but does no damage.
The iron imp hits you but does no damage.
The orc wizard gestures at you while chanting.
You are confused.
You bump into the rock wall.
Natasha zaps a wand.
The puff of flame hits you.
* * * LOW HITPOINT WARNING * * *
The shadow imp hits you but does no damage.
The orc wizard hits you but does no damage.
The iron imp hits you.
* * * LOW HITPOINT WARNING * * *
You hit the shadow imp.
You kill the shadow imp!
The shadow imp disappears in a puff of smoke!
You miss Natasha. You closely miss the orc wizard. You hit the iron imp.
The bat hits you but does no damage.
Natasha zaps a wand.
The puff of flame hits you but does no damage.
The bat hits you but does no damage.
The orc wizard hits you but does no damage.
The iron imp hits you but does no damage.
You're too confused to move!
The bat hits you but does no damage. Natasha claws you but does no damage.
The orc wizard hits you but does no damage.
You barely miss Natasha.
Natasha is almost dead.
You completely miss the orc wizard. You closely miss the iron imp.
The bat hits you but does no damage. Natasha casts a spell at you.
You resist with some effort. The iron imp hits you!
You die...

###....# #.#.# '......#
##.#.# #.# ##.##..#
#..#.#.#.#
.......####..#.#...###
.#.#......[..#........
...............##..####.
.#>.....................
.#.##.####...†..#h......
.#.##.# #.....5@)......
.#.##.# #......#ob.....
.#.##...........##......
'..?..####..# .####.
#..... #..# # #.....
#..# .##..... #..#
.##.... #..# .. #<.#


You could see an iron imp (summoned), an orc wizard, Natasha and a bat.

Vanquished Creatures
  Natasha (D:3)
  Robin (D:3)
  4 adders
  2 worms
  4 dart slugs
  5 orcs
  4 ball pythons
  2 endoplasms (D:1)
  A giant cockroach (D:1)
  12 goblins
  6 hobgoblins
  10 jackals
  5 quokkas
  2 bats
  3 frilled lizards
  6 kobolds
  23 rats
91 creatures vanquished.

Vanquished Creatures (others)
  8 plants (D:1)
8 creatures vanquished.

Grand Total: 99 creatures vanquished

Notes
Turn   | Place    | Note
-------+----------+-------------------------------------------
     0 | D:1      | hbarley the Hill Orc Fighter began the quest for the Orb.
     0 | D:1      | Reached XP level 1. HP: 19/19 MP: 1/1
   313 | D:1      | Reached XP level 2. HP: 27/27 MP: 2/2
   410 | D:1      | Reached skill level 3 in Axes
   412 | D:1      | Reached XP level 3. HP: 14/33 MP: 3/3
  1346 | D:2      | Reached XP level 4. HP: 37/40 MP: 4/4
  1351 | D:2      | Reached skill level 4 in Axes
  1395 | D:2      | Found Ofevauw's Distillery.
  2152 | D:3      | Reached XP level 5. HP: 40/47 MP: 5/5
  2210 | D:3      | Noticed Robin
  2213 | D:3      | Noticed Natasha
  2216 | D:3      | Killed Natasha
  2217 | D:3      | Killed Robin
  2223 | D:3      | Reached skill level 1 in Dodging
  2290 | D:3      | Reached skill level 5 in Axes
  2395 | D:3      | Noticed Natasha
  2411 | D:3      | HP: 2/47 [iron imp[Natasha] (5)]
  2414 | D:3      | Slain by an iron imp

Illustrated notes

Levels and vault maps discovered:
D:1:      minmay_arrival_up_and_down, layout_rooms, chequers_big_river
D:2:      layout_rooms, serial_shops, nicolae_shop_advertising_works
          [nicolae_subvault_shop_adworks], minmay_rat_hole
D:3:      layout_basic, mainiacjoe_overflow_big_doors, uniq_natasha, uniq_robin

Skill      XL: |  1  2  3  4  5 |
---------------+----------------+-----
Fighting       | 4 |  4.8
Axes           | 3 4 5 |  5.0
Dodging        | 1 |  1.0
Armour         | |  3.9
Shields        | |  3.9

Action                   |  1- 3 |  4- 6 || total
-------------------------+-------+-------++-------
Melee: War axe           |    88 |    81 ||   169
Armor: Scale mail        |    59 |    21 ||    80
       Plate armour      |       |    59 ||    59
Dodge: Dodged            |    47 |    32 ||    79
Block: Buckler           |    28 |    22 ||    50
